Map: Whispers of Gold

Players

HeroMarine

  • Race: Terran Terran
  • Spawn Location: 9:00

gumiho - Winner!

  • Race: Terran Terran
  • Spawn Location: 5:00

Event: HomeStory Cup XXVI

VOD

Have the link to the VOD?

Description

Time

  • Played on: Dec. 1, 2024, 7:04 a.m.
  • Length: 4:05

All games in this series

Show
View Real Time Build Order
Export as new Build Order

HeroMarine Terran 

Build Orders:  

Get SALT Encoding   

  12  0:00  SCV  
  13  0:12  SCV  
  14  0:18  Supply Depot  
  14  0:40  Barracks  
  14  0:42  Refinery  
  14  0:55  Barracks  
  14  1:00  SCV  
  15  1:12  SCV  
  16  1:27  Orbital Command, Reaper  
  17  1:38  Refinery  
  17  1:43  Reaper  
  18  1:53  SCV  
  19  2:02  Reaper  
  19  2:05  Supply Depot, SCV  
  21  2:15  Reaper  
  22  2:17  SCV  
  23  2:29  SCV  
  24  2:38  Reaper  
  24  2:41  SCV  
  24  2:47  Reaper  
  24  2:53  SCV, Factory  
  25  3:05  SCV  
  26  3:08  Bunker  
  26  3:10  Reaper  
  27  3:17  SCV  
  27  3:19  Reaper  
  29  3:29  SCV  
  29  3:41  SCV  
  29  3:42  Hellion  
Show
View Real Time Build Order
Export as new Build Order

gumiho Terran - Winner!

Build Orders:  

Get SALT Encoding   

  12  0:00  SCV  
  13  0:12  SCV  
  14  0:17  Supply Depot  
  14  0:24  SCV  
  15  0:39  SCV  
  15  0:40  Barracks  
  16  0:44  Refinery  
  16  0:51  SCV  
  16  0:54  Refinery  
  17  1:03  SCV  
  18  1:15  SCV  
  19  1:26  Barracks Reactor  
  19  1:27  Orbital Command  
  19  1:29  Supply Depot  
  19  1:43  Factory  
  19  1:53  SCV  
  20  2:03  Reaper x2  
  20  2:05  SCV  
  23  2:17  SCV  
  24  2:27  Hellion  
  24  2:29  SCV  
  25  2:35  Reaper x2  
  25  2:41  SCV  
  26  2:49  Hellion  
  27  2:54  SCV  
  27  2:55  Command Center  
  28  3:03  Supply Depot  
  28  3:06  SCV  
  28  3:10  Hellion  
  31  3:25  Starport, Reaper x2  
  33  3:29  SCV  
  34  3:38  Factory Tech Lab  
Tags
 
Add a new tag
Caveats
  • Supply blocks, unpowered buildings, or Contaminate may cause inaccurate times.
  • Supply counts are checked every 10 seconds.